 Dungeon Crawl Stone Soup version 0.30.0-16-gbe6223bb7e (webtiles) character file.

Game seed: 6316957103535590323

244778 Kenran the Warrior (level 18, -19/151 HPs)
             Began as a Vampire Fighter on May 20, 2023.
             Was the Champion of Wu Jian.
             Killed from afar by an ironbound thunderhulk (43 damage)
             ... with a bolt of lightning
             ... on level 2 of the Vaults.
             The game lasted 01:18:20 (37370 turns).

Kenran the Warrior (Vampire Fighter)               Turns: 37370, Time: 01:18:21

Health: -19/151    AC: 36    Str: 17    XL:     18   Next: 74%
Magic:  18/18      EV: 18    Int: 12    God:    Wu Jian [******]
Gold:   117        SH: 13    Dex: 15    Spells: 17/17 levels left

rFire   + + .        b - +8 rapier of Jinua {spect, Will+++ Str+2 Dex-5 SInv}
rCold   + + .        H - +1 kite shield {AC+3}
rNeg    + . .        V - +8 chain mail of Trial and Error {+Blink Fly rPois rF+}
rPois   +            W - +0 mask of the Dragon {Will+ Slay+3 SInv}
rElec   .            g - +2 cloak
rCorr   .            T - +1 pair of gloves of the Tundras {-Tele rF+ rC++}
SInv    +            R - +2 pair of slick slippers {slick, slippery, EV+4}
Will    +++++        a - amulet of the Four Winds {rN+ Will+++ Clar}
Stlth   +++          y - ring of willpower
HPRegen 0.65/turn    E - +4 ring of protection
MPRegen 0.16/turn

%: no teleportation, clarity
@: exhausted, flying, healing quickly, studying Fighting
A: alive, fangs 3, see invisible, vampiric 2
}: 2/15 runes: decaying, serpentine
a: Exsanguinate, Renounce Religion, Evoke Blink, Wall Jump, Serpent's Lash,
Heavenly Storm


You were on level 2 of the Vaults.
You worshipped Wu Jian.
Wu Jian was exalted by your worship.
You visited 7 branches of the dungeon, and saw 33 of its levels.
You visited 1 bazaar.
You also visited: Ossuary, Gauntlet and Volcano.

You collected 4567 gold pieces.
You spent 4450 gold pieces at shops.

Inventory:

Hand Weapons
 b - the +8 rapier of Jinua (weapon) {spect, Will+++ Str+2 Dex-5 SInv}
   (You found it on level 4 of the Dungeon)

   Str:       It affects your strength (+2).
   Dex:       It affects your dexterity (-5).
   SInv:      It lets you see invisible.
   Will:      It greatly increases your willpower.
 w - a +2 demon trident of electrocution
Missiles
 I - 2 throwing nets (quivered)
Armour
 g - a +2 cloak (worn)
 H - a +1 kite shield of protection (worn)
 R - the +2 pair of slick slippers (worn) {slick, slippery, EV+4}
   (You bought it in a shop on level 2 of the Orcish Mines)

   Slick:     Its wearer cannot be constricted, engulfed, netted or webbed.
   Slippery:  Its wearer slips away from damaging melee attacks, pulling the
   attacker onward.
   EV:        It affects your evasion (+4).
 T - the +1 pair of gloves of the Tundras (worn) {-Tele rF+ rC++}
   (You bought it in a shop on level 2 of the Orcish Mines)

   rF:        It protects you from fire.
   rC:        It greatly protects you from cold.
   -Tele:     It prevents most forms of teleportation.
 V - the +8 chain mail of Trial and Error (worn) {+Blink Fly rPois rF+}
   (You bought it in a shop on level 5 of the Dungeon)

   rF:        It protects you from fire.
   rPois:     It protects you from poison.
   Fly:       It grants you flight.
   +Blink:    It lets you blink.
 W - the +0 mask of the Dragon (worn) {Will+ Slay+3 SInv}
   (You found it in a Gauntlet)

   Slay:      It affects your accuracy & damage with ranged weapons and melee
   (+3).
   SInv:      It lets you see invisible.
   Will:      It increases your willpower.
Jewellery
 a - the amulet of the Four Winds (around neck) {rN+ Will+++ Clar}
   (You found it in a Gauntlet)

   [amulet of nothing]

   rN:        It protects you from negative energy.
   Clar:      It protects you from confusion, rage, mesmerisation and fear.
   Will:      It greatly increases your willpower.
 y - a ring of willpower (left hand)
 E - a +4 ring of protection (right hand)
Wands
 h - a wand of quicksilver (28)
 l - a wand of roots (23)
 s - a wand of polymorph (8)
 u - a wand of digging (10)
 A - a wand of charming (36)
 B - a wand of flame (37)
 N - a wand of mindburst (17)
Scrolls
 e - 10 scrolls of teleportation
 k - 3 scrolls of brand weapon
 n - 9 scrolls of immolation {!r}
 q - 4 scrolls of enchant armour
 r - 9 scrolls of fog
 v - a scroll of fear
 D - 5 scrolls of poison
 F - 5 scrolls of silence
 G - 3 scrolls of enchant weapon
 J - 2 scrolls of magic mapping
 L - a scroll of summoning
 Q - 9 scrolls of blinking
Potions
 d - a potion of haste
 f - a potion of invisibility
 i - a potion of cancellation
 j - 4 potions of berserk rage {!q}
 o - a potion of ambrosia
 p - 15 potions of curing {@q1}
 t - 2 potions of heal wounds {@q2}
 z - 12 potions of mutation {!q}
 C - 7 potions of attraction {!q}
 K - 3 potions of lignification {!q}
 M - 3 potions of flight
 O - 4 potions of magic
 X - 4 potions of might
 Y - a potion of resistance
Miscellaneous
 m - a lightning rod (4/4)
 P - a phantom mirror
 S - a tin of tremorstones (2/2)
 U - a phial of floods


   Skills:
 + Level 16.1 Fighting
 - Level 11.8(14.0) Short Blades
 - Level 11.2(13.1) Long Blades
 - Level 14.0 Armour
 - Level 16.0 Dodging
 - Level 15.0 Stealth
 - Level 12.0 Shields
 - Level 7.0 Evocations


You had 17 spell levels left.
You didn't know any spells.
Your spell library contained the following spells:

 Spells                   Type           Power      Damage    Failure   Level
 Apportation              Tloc           0%         N/A       98%         1
 Kiss of Death            Conj/Necr      0%         2d5       98%         1
 Necrotise                Necr           0%         1d4       98%         1
 Sandblast                Erth           0%         2d4       98%         1
 Slow                     Hex            0%         N/A       98%         1
 Summon Small Mammal      Summ           0%         N/A       98%         1
 Blink                    Tloc           0%         N/A       99%         2
 Cigotuvi's Dreadful Rot  Necr/Pois/Air  0%         N/A       99%         2
 Lesser Beckoning         Tloc           0%         N/A       99%         2
 Momentum Strike          Conj/Tloc      0%         3d8       99%         2
 Passwall                 Tmut/Erth      0%         N/A       99%         2
 Sublimation of Blood     Necr           0%         N/A       99%         2
 Call Canine Familiar     Summ           0%         N/A       100%        3
 Confusing Touch          Hex            0%         N/A       100%        3
 Frozen Ramparts          Ice            0%         1d1       100%        3
 Ignite Poison            Fire/Tmut/Pois 0%         N/A       100%        3
 Portal Projectile        Hex/Tloc       0%         N/A       100%        3
 Stone Arrow              Conj/Erth      0%         3d7       100%        3
 Summon Guardian Golem    Hex/Summ       0%         N/A       100%        3
 Tukima's Dance           Hex            0%         N/A       100%        3
 Vampiric Draining        Necr           0%         2d6       100%        3
 Dispel Undead            Necr           0%         3d6       100%        4
 Ice Form                 Ice/Tmut       0%         N/A       100%        4
 Leda's Liquefaction      Hex/Erth       0%         N/A       100%        4
 Petrify                  Tmut/Erth      0%         N/A       100%        4
 Summon Ice Beast         Ice/Summ       0%         N/A       100%        4
 Alistair's Intoxication  Tmut/Pois      0%         N/A       100%        5
 Blade Hands              Tmut           0%         N/A       100%        5
 Freezing Cloud           Conj/Ice/Air   0%         6-21      100%        5
 Irradiate                Conj/Tmut      0%         3d11      100%        5
 Lee's Rapid Deconstruct  Erth           0%         3d4*      100%        5
 Summon Mana Viper        Hex/Summ       0%         N/A       100%        5
 Statue Form              Tmut/Erth      0%         N/A       100%        6
 Monstrous Menagerie      Summ           0%         N/A       100%        7
 Summon Horrible Things   Summ           0%         N/A       100%        8
 Necromutation            Tmut/Necr      Unusable   N/A       N/A         8

Dungeon Overview and Level Annotations

Branches:
Dungeon (15/15)            Temple (1/1) D:5            Lair (5/5) D:9
  Swamp (4/4) Lair:3        Snake (4/4) Lair:2        Slime (0/5) Lair:5
    Orc (2/2) D:12            Elf (0/3) Orc:2        Vaults (2/5) D:14
  Crypt (0/3) Vaults:2     Depths (0/4) D:15        Ossuary (visited)
Volcano (visited)         Gauntlet (visited)

Altars:
Ashenzari
Cheibriados
Dithmenos
Fedhas
Gozag
Hepliaklqana
Kikubaaqudgha
Makhleb
Nemelex Xobeh
Okawaru
Qazlal
Ru
Sif Muna
Trog
Uskayaw
Wu Jian
Xom
Yredelemnul

Shops:
D:1 [   D:5 [   D:10 =   D:12 (?   D:14 [   Orc:2 [:(*   Snake:1 =:=
Snake:4 :

Annotations:
D:3 3 runed translucent doors, Zookeeper's ghost, weakling DsGl
D:9 3 runed translucent doors, tensugalgo's ghost, journeyman DjHW
D:10 exclusion: downstairs
D:12 2 transporters
D:15 3 runed translucent doors, exclusion: orange crystal statue, Louise; onwiheg's ghost, journeyman DgCj
Lair:1 2 transporters, grizmgrazm2's ghost, journeyman FoEE


Innate Abilities, Weirdness & Mutations

Your natural rate of healing is accelerated.
You have razor-sharp teeth.
You have supernaturally acute eyesight. (SInv)
You are afflicted with vampirism and can become a bat while bloodless.


Message History

The vault warden hits you with a +0 long sword.
* * * LOW HITPOINT WARNING * * *
You see here 2 scrolls of summoning.
You hit the vault warden.
The vault warden is lightly wounded.
Your +8 rapier of Jinua {spect, Will+++ Str+2 Dex-5 SInv} hits the vault warden.
The runic seal fades away.
The vault warden hits you with a +0 long sword!
* * * LOW HITPOINT WARNING * * *
You feel much better.
Your +8 rapier of Jinua {spect, Will+++ Str+2 Dex-5 SInv} disappears.
The vault warden hits you with a +0 long sword!
* * * LOW HITPOINT WARNING * * *
You feel much better.
The vault warden activates a sealing rune.
You closely miss the vault warden.
The vault warden is lightly wounded.
Your +8 rapier of Jinua {spect, Will+++ Str+2 Dex-5 SInv} hits the vault warden.
Aiming: Wall Jump
Press: ? - help, Dir - move target You repeatedly attack the vault warden from above.
You hit the vault warden but do no damage.
The vault warden is lightly wounded.
You hit the vault warden but do no damage.
The vault warden is lightly wounded.
You barely miss the vault warden.
The vault warden is lightly wounded.
Your +8 rapier of Jinua {spect, Will+++ Str+2 Dex-5 SInv} hits the vault warden but does no damage.
Your +8 rapier of Jinua {spect, Will+++ Str+2 Dex-5 SInv} hits the vault warden. x2
The vault warden hits you but does no damage.
The vault warden misses you.
Strange energies crackle from the ironbound thunderhulk's apparatus.
The ironbound thunderhulk blinks!
You hit the vault warden but do no damage.
You bite the vault warden.
The vault warden is moderately wounded.
Your +8 rapier of Jinua {spect, Will+++ Str+2 Dex-5 SInv} hits the vault warden!
Electricity crackles from the ironbound thunderhulk's apparatus.
The bolt of lightning hits you!!!
You die...

...................≣,*,,*,,,+,,*,
...................≣≣≣≣≣*****+***
..≣≣≣≣≣≣≣≣...........≣.,,,,,,,,+,
..≣,...,,*...........≣,,,,,,,,,*,
..≣,,,...+...........≣,,,,,,,,,+,
..≣,###..≣...........≣,,,,,,,,,*,
..≣##.##.≣.≣≣≣≣≣≣+≣≣.≣,,,,,,,,,*,
..≣#...#.≣.≣*,*≣≣.≣≣.≣,,,,,,,,,*,
..≣#.∩.#.≣.≣.,,≣@(?≣.≣≣≣≣+≣≣****,
..≣#...#.≣.≣≣.≣≣≣p≣≣........,,,,,
))'##.##.≣.≣..).)YZ≣........,,,,,
))≣[#'#..≣.≣≣O≣≣≣.≣≣........,,,,,
..≣≣≣.≣≣≣≣.≣.,,*)..≣........,,,,,
...........≣*,**≣O≣≣........,,,,,
...........≣,,,*...≣........,,,,,
...........≣*,**≣.≣≣........,,,,,
...........≣≣≣≣≣≣≣≣≣(.......,,,,,


You could see a dire elephant, a vault warden, an ironbound thunderhulk, a deep
troll simulacrum and a friendly +8 rapier of Jinua {spect, Will+++ Str+2 Dex-5
SInv}.

Vanquished Creatures
  2 quicksilver dragons (Snake:4)
  4 thorn hunters (Swamp:4)
  3 nagarajas
  2 fenstrider witches
  3 vault wardens
  An orc warlord (Orc:2)
  3 ironbound thunderhulks
  2 ironbound preservers (Vaults:2)
  A war gargoyle (Vaults:2)
  4 very ugly things (Vaults:1)
  2 vampire knights (Swamp:4)
  A minotaur (Gauntlet)
  4 eleionomae
  4 bunyips
  Snorg (D:13)
  A crystal guardian (Vaults:2)
  4 salamander tyrants (Snake:4)
  Josephine (D:14)
  A great orb of eyes (Vaults:2)
  A peacekeeper (Vaults:2)
  An entropy weaver (Vaults:2)
  A shambling mangrove (Swamp:4)
  Erolcha (D:13)
  13 hydras
  2 ogre magi
  4 ghost crabs
  A merfolk avatar (Lair:5)
  6 centaur warriors
  3 ironbound frosthearts (Vaults:1)
  5 anacondas
  11 two-headed ogres
  7 naga warriors
  3 boulder beetles
  3 death yaks
  A vampire mage (D:15)
  2 alligators
  15 naga sharpshooters
  14 shock serpents
  Urug (Orc:1)
  An orc high priest (Orc:2)
  A sun demon (Gauntlet)
  2 tengu warriors (D:15)
  Nergalle (Orc:2)
  A deep elf knight (D:14)
  2 skysharks
  2 skeletal warriors (D:15)
  8 goliath frogs
  2 salamander mystics
  A flayed ghost (Swamp:4)
  A glowing orange brain (Vaults:1)
  Lodul (D:11)
  5 bog bodies
  5 deep trolls
  6 spriggan druids
  5 naga ritualists
  2 ironbound convokers
  A phantasmal warrior (Swamp:4)
  4 spectral hydras (Swamp:4)
  Pikel (D:7)
  6 swamp dragons
  2 necromancers
  A lindwurm (Vaults:1)
  5 harpies (Vaults:2)
  7 orc knights
  A deep elf pyromancer (D:14)
  2 deep elf zephyrmancers (D:14)
  2 stone giant zombies (D:15)
  A shadow dragon skeleton (D:15)
  An orc sorcerer (Orc:2)
  9 ugly things
  5 cyclopes
  6 manticores
  3 oklob plants (Swamp:4)
  A worldbinder (Gauntlet)
  11 salamanders
  14 mana vipers
  5 will-o-the-wisps
  30 black mambas
  3 guardian serpents (Snake:4)
  Joseph (D:8)
  16 naga magi
  A molten gargoyle (Volcano)
  14 elephants
  2 vault sentinels
  9 cane toads
  A hellion (Gauntlet)
  Maggie (D:7)
  Maurice (Orc:1)
  8 komodo dragons
  2 unseen horror zombies (D:9)
  12 yaktaurs
  3 kobold demonologists
  4 rime drakes
  A hydra zombie (Swamp:4)
  9 trolls
  A bloated husk (Swamp:4)
  A polar bear (Lair:1)
  A death drake zombie (Swamp:4)
  A wind drake (Lair:5)
  2 hydra skeletons (Swamp:4)
  11 hornets
  Prince Ribbit (D:7)
  7 tyrant leeches
  2 snapping turtles (Lair:5)
  A spriggan zombie (D:15)
  17 blink frogs
  A death drake skeleton (Swamp:4)
  16 slime creatures
  Sigmund (D:2)
  3 shadows
  8 spriggans
  5 wraiths
  A vampire (D:11)
  24 yaks
  3 wyverns
  6 basilisks
  3 steam dragons
  A golden eye (shapeshifter) (D:15)
  2 vampire mosquitoes (Swamp:1)
  Edmund (D:6)
  21 swamp worms
  2 hydra simulacra (Swamp:4)
  2 wargs
  28 nagas
  9 water moccasins
  2 hell hounds (Gauntlet)
  An acid dragon (D:13)
  3 black bears
  7 swamp drakes
  2 ice beasts
  18 orc warriors
  4 swamp dragon zombies (Swamp:4)
  2 sky beasts
  4 boggarts
  18 ogres
  3 wolves (D:9)
  8 centaurs
  A phantom (D:4)
  2 lemures (D:7)
  3 kobold brigands
  3 gnoll sergeants
  A wyvern zombie (D:9)
  13 bullfrogs
  5 water moccasin zombies (Ossuary)
  5 killer bees
  3 electric eels
  2 howler monkeys
  A centaur zombie (D:9)
  2 gnoll boudas
  A jelly (D:3)
  13 orc priests
  2 hounds (D:6)
  An iguana (D:4)
  Terence (D:2)
  2 sleepcaps
  Natasha (thrice) (D:2)
  14 orc wizards
  2 mummies (Ossuary)
  2 howler monkey zombies (D:9)
  21 gnolls
  10 adders
  2 white imps
  3 adder zombies (Ossuary)
  2 worms
  3 dart slugs
  48 orcs
  2 endoplasms (D:1)
  3 giant cockroaches
  7 goblins
  4 hobgoblins
  10 jackals
  9 kobolds
  4 quokkas
  5 ball pythons
  5 bats
  5 frilled lizards
  5 hobgoblin zombies (Ossuary)
  2 kobold zombies (Ossuary)
  7 orc zombies (Ossuary)
  4 rats
  A spectral weapon (Swamp:4)
889 creatures vanquished.

Vanquished Creatures (others)
  A bog body (Swamp:4)
  A cane toad (Lair:5)
  3 bloated husks
  A naga (Snake:4)
  22 foxfires
  40 spectral weapons
68 creatures vanquished.

Grand Total: 957 creatures vanquished

Notes
Turn   | Place    | Note
-------+----------+-------------------------------------------
     0 | D:1      | Kenran the Vampire Fighter began the quest for the Orb.
     0 | D:1      | Reached XP level 1. HP: 17/17 MP: 1/1
   105 | D:1      | Found Ysuy's Antique Armour Boutique.
   202 | D:1      | Reached XP level 2. HP: 23/23 MP: 2/2
   411 | D:1      | Gained mutation: You are afflicted with vampirism and can
                  | become a bat while bloodless. [Vampire growth]
   411 | D:1      | Reached XP level 3. HP: 23/28 MP: 3/3
   907 | D:2      | Noticed Sigmund
   911 | D:2      | Killed Sigmund
   912 | D:2      | Reached skill level 5 in Long Blades
   912 | D:2      | Reached XP level 4. HP: 34/34 MP: 4/4
   912 | D:2      | Reached XP level 5. HP: 39/39 MP: 5/5
   960 | D:2      | Noticed Natasha
   973 | D:2      | Killed Natasha
  1002 | D:2      | Noticed Terence
  1370 | D:2      | Noticed Natasha
  1376 | D:2      | Killed Natasha
  1377 | D:2      | Reached XP level 6. HP: 41/46 MP: 6/6
  1528 | D:3      | Found a hazy altar of Hepliaklqana.
  1824 | D:3      | Found a runed translucent gate.
  1824 | D:3      | Found a runed translucent gate.
  1826 | D:3      | Found a runed translucent gate.
  1827 | D:3      | Noticed Zookeeper's ghost (weakling DsGl)
  1829 | D:3      | Identified the +6 hand axe of Drought {freeze, *Rage rElec
                  | rC+ rN+}
  1829 | D:3      | Identified the +0 scale mail of Soft Creativity {rPois rN+
                  | Stlth-}
  2150 | D:4      | Identified the +8 rapier of Jinua {spect, Will+++ Str+2
                  | Dex-5 SInv}
  2166 | D:4      | Found an opulent altar of Gozag.
  2402 | D:4      | Reached XP level 7. HP: 34/51 MP: 7/7
  2509 | D:4      | Found a shadowy altar of Dithmenos.
  2784 | D:5      | Entered Level 5 of the Dungeon
  2812 | D:5      | You fall into a shaft and drop 1 floor!
  2847 | D:5      | Found a staircase to the Ecumenical Temple.
  2855 | Temple   | Entered the Ecumenical Temple
  2913 | Temple   | Became a worshipper of the Wu Jian Council
  3073 | D:5      | Found Coezy's Armour Shoppe.
  3861 | D:6      | Reached XP level 8. HP: 54/57 MP: 8/8
  3861 | D:6      | Noticed Edmund
  3930 | D:2      | Killed Terence
  3975 | D:2      | Noticed Natasha
  3980 | D:2      | Killed Natasha
  4401 | D:6      | Killed Edmund
  4402 | D:6      | Reached skill level 10 in Long Blades
  4826 | D:6      | Found a burning altar of Makhleb.
  5299 | D:7      | Noticed Prince Ribbit
  5662 | D:7      | Reached skill level 1 in Short Blades
  5662 | D:7      | Reached skill level 1 in Evocations
  5669 | D:7      | Reached XP level 9. HP: 65/65 MP: 9/9
  5746 | D:7      | Killed Prince Ribbit
  5746 | D:7      | Reached * piety under Wu Jian
  5811 | D:7      | Noticed Maggie
  5820 | D:7      | Killed Maggie
  5863 | D:7      | Noticed Pikel
  5871 | D:7      | Killed Pikel
  6276 | D:8      | Found a basalt altar of Yredelemnul.
  6495 | D:8      | Noticed Joseph
  6506 | D:8      | Killed Joseph
  6507 | D:8      | Reached skill level 1 in Dodging
  6527 | D:8      | Found a blossoming altar of Fedhas.
  6547 | D:8      | Found a sand-covered staircase.
  6556 | Ossuary  | Entered an ossuary
  6640 | Ossuary  | Reached XP level 10. HP: 73/73 MP: 10/10
  6668 | Ossuary  | Reached ** piety under Wu Jian
  7129 | D:8      | Reached skill level 5 in Fighting
  7173 | D:9      | Noticed a centaur warrior
  7181 | D:9      | Killed a centaur warrior
  7239 | D:9      | Found a runed translucent gate.
  7240 | D:9      | Found a runed translucent gate.
  7240 | D:9      | Found a runed translucent gate.
  7240 | D:9      | Noticed tensugalgo's ghost (journeyman DjHW)
  7302 | D:9      | Reached skill level 5 in Dodging
  7493 | D:9      | Found a staircase to the Lair.
  7990 | D:10     | Entered Level 10 of the Dungeon
  8000 | D:10     | Noticed a two-headed ogre
  8009 | D:10     | Killed a two-headed ogre
  8293 | D:10     | Found Dofysygi's Jewellery Shoppe.
  8363 | D:10     | Reached XP level 11. HP: 78/86 MP: 11/11
  8655 | D:11     | Noticed Lodul
  8762 | D:11     | Noticed a two-headed ogre
  8791 | D:11     | Killed a two-headed ogre
  8871 | D:11     | Noticed a centaur warrior
  8885 | D:11     | Killed a centaur warrior
  8885 | D:11     | Reached *** piety under Wu Jian
  9024 | D:11     | Reached skill level 10 in Fighting
  9052 | D:11     | Killed Lodul
  9221 | D:11     | Noticed a boulder beetle
  9235 | D:11     | Killed a boulder beetle
  9836 | Lair:1   | Entered Level 1 of the Lair of Beasts
  9972 | Lair:1   | Reached skill level 5 in Evocations
  9972 | Lair:1   | Reached XP level 12. HP: 38/97 MP: 12/12
 10290 | D:9      | Reached **** piety under Wu Jian
 10465 | Lair:1   | Found a transporter.
 10468 | Lair:1   | Noticed a seven-headed hydra
 10536 | Lair:1   | Found a transporter.
 10543 | Lair:1   | Noticed grizmgrazm2's ghost (journeyman FoEE)
 11106 | Lair:2   | Found a staircase to the Snake Pit.
 11145 | Lair:2   | Reached skill level 10 in Dodging
 11194 | Lair:2   | Reached skill level 5 in Stealth
 11708 | Lair:3   | Noticed a boulder beetle
 11738 | Lair:3   | Reached skill level 10 in Stealth
 11844 | Lair:3   | Found a dark tunnel.
 11848 | Volcano  | Entered a volcano
 12082 | Volcano  | Reached XP level 13. HP: 104/104 MP: 13/13
 12160 | Volcano  | Reached skill level 10 in Short Blades
 12163 | Volcano  | Noticed an orb of fire
 12613 | Lair:3   | Found a staircase to the Swamp.
 12964 | D:5      | Bought the +8 chain mail of Trial and Error {+Blink Fly
                  | rPois rF+} for 861 gold pieces
 13471 | Lair:4   | Found a gate leading to a gauntlet.
 13494 | Gauntlet | Entered a Gauntlet
 13494 | Gauntlet | Found a transporter.
 13494 | Gauntlet | Found a transporter.
 13494 | Gauntlet | Found a transporter.
 13507 | Gauntlet | Found a transporter.
 13510 | Gauntlet | Found a transporter.
 13518 | Gauntlet | Found a transporter.
 13521 | Gauntlet | Found a transporter.
 13527 | Gauntlet | Found a runed translucent gate.
 13527 | Gauntlet | Found a runed translucent gate.
 13527 | Gauntlet | Noticed a dire elephant
 13528 | Gauntlet | Found a runed translucent gate.
 13529 | Gauntlet | Found a transporter.
 13547 | Gauntlet | Found the amulet of the Four Winds {rN+ Will+++ Clar}
 13549 | Gauntlet | Found a transporter.
 13569 | Gauntlet | Found a transporter.
 13570 | Gauntlet | Found a transporter.
 13581 | Gauntlet | Found a transporter.
 13672 | Gauntlet | Noticed an ironbound thunderhulk
 13672 | Gauntlet | Noticed an ironbound thunderhulk
 13679 | Gauntlet | Noticed a brown very ugly thing
 13679 | Gauntlet | Noticed a white very ugly thing
 13804 | Gauntlet | Reached ***** piety under Wu Jian
 13881 | Gauntlet | Found the +0 mask of the Dragon {Will+ Slay+3 SInv}
 13881 | Gauntlet | Identified the amulet "Kitanaub" {Reflect rC+ Int+3 SH+5}
 13881 | Gauntlet | Noticed a minotaur
 13898 | Gauntlet | HP: 4/106 [minotaur/+2 heavy morningstar (42)]
 13916 | Gauntlet | Killed a minotaur
 13928 | Gauntlet | Got the Dissertation on Transmutation
 14593 | Lair:5   | Entered Level 5 of the Lair of Beasts
 15105 | Lair:5   | Found a staircase to the Slime Pits.
 15114 | Lair:5   | Reached XP level 14. HP: 111/115 MP: 14/14
 15239 | Lair:5   | Reached skill level 5 in Shields
 15351 | Lair:5   | Identified the +3 trident "Wioxkael" {flame, *Rage +Blink
                  | Fly rElec}
 15783 | D:12     | Found Pigi's Magic Scroll Emporium.
 15786 | D:12     | Bought 3 scrolls of identify for 84 gold pieces
 15913 | D:12     | Reached XP level 15. HP: 120/120 MP: 15/15
 15919 | D:12     | Found Wakuaban's Weapon Boutique.
 15922 | D:12     | Found a staircase to the Orcish Mines.
 16341 | D:12     | Found a transporter.
 16341 | D:12     | Found a transporter.
 16506 | D:12     | Found Wakuaban's Weapon Boutique.
 16508 | D:12     | Found a staircase to the Orcish Mines.
 16620 | D:12     | Found a transporter.
 16620 | D:12     | Found a transporter.
 16732 | D:12     | Found Pigi's Magic Scroll Emporium.
 17001 | D:13     | Noticed Nessos
 17002 | D:13     | Nessos changed into Nessos the komodo dragon
 17002 | D:13     | Noticed Nessos
 17011 | D:13     | Killed Nessos the komodo dragon
 17321 | D:13     | Noticed Erolcha
 17327 | D:13     | Killed Erolcha
 17462 | D:13     | Noticed Snorg
 17474 | D:13     | Killed Snorg
 17991 | D:14     | Noticed Josephine
 18156 | D:14     | Killed Josephine
 18910 | D:14     | Found Zuomatumi's Armour Emporium.
 19370 | D:14     | Found a gate to the Vaults.
 19929 | D:1      | Bought a pair of runed gloves for 180 gold pieces
 20296 | D:15     | Entered Level 15 of the Dungeon
 20326 | D:15     | Reached skill level 15 in Dodging
 20794 | D:15     | Found a staircase to the Depths.
 20973 | D:15     | Noticed Louise
 20997 | D:15     | Noticed onwiheg's ghost (journeyman DgCj)
 21343 | D:15     | Found a runed translucent gate.
 21344 | D:15     | Found a runed translucent gate.
 21350 | D:15     | Found a runed translucent gate.
 21805 | Orc:1    | Entered Level 1 of the Orcish Mines
 21853 | Orc:1    | Noticed Urug
 21864 | Orc:1    | Killed Urug
 21967 | Orc:1    | Noticed Maurice
 21971 | Orc:1    | Killed Maurice
 22300 | Orc:2    | Entered Level 2 of the Orcish Mines
 22422 | Orc:2    | Noticed Nergalle
 22446 | Orc:2    | Killed Nergalle
 22449 | Orc:2    | Reached ****** piety under Wu Jian
 22454 | Orc:2    | Reached skill level 5 in Armour
 22706 | Orc:2    | Reached XP level 16. HP: 121/127 MP: 1/16
 22838 | Orc:2    | Found Oraz's General Store.
 22849 | Orc:2    | Found Waxokoc's Antique Weapon Shop.
 22854 | Orc:2    | Found Bionen's Book Shop.
 23035 | Orc:2    | Found a staircase to the Elven Halls.
 23480 | Orc:2    | Found Vuap Fank's Antique Armour Shop.
 23550 | Orc:2    | Bought the +2 pair of slick slippers {slick, slippery,
                  | EV+4} for 612 gold pieces
 23550 | Orc:2    | Found the +2 pair of slick slippers {slick, slippery, EV+4}
 23577 | Orc:2    | Bought a pair of heavily runed gloves for 266 gold pieces
 23577 | Orc:2    | Identified the +1 pair of gloves of the Tundras {-Tele rF+
                  | rC++} (You bought it in a shop on level 2 of the Orcish
                  | Mines)
 24228 | Snake:1  | Entered Level 1 of the Snake Pit
 25005 | Snake:1  | Found Tueh Umy's Jewellery Boutique.
 25005 | Snake:1  | Found Nupyicso's Book Shoppe.
 25006 | Snake:1  | Found Gotsohoc's Jewellery Boutique.
 25725 | Snake:2  | Reached skill level 15 in Stealth
 26863 | Snake:3  | Got Sif Muna's Almanac of Beckoning
 27829 | Swamp:1  | Entered Level 1 of the Swamp
 28843 | Swamp:2  | Reached XP level 17. HP: 130/133 MP: 17/17
 30366 | Swamp:4  | Entered Level 4 of the Swamp
 30385 | Swamp:4  | Reached skill level 10 in Shields
 30761 | Swamp:4  | Identified the +4 hand axe "Nywatu" {vamp, Will+ SInv}
 31784 | Swamp:4  | Found a blossoming altar of Fedhas.
 31973 | Swamp:4  | Found a basalt altar of Yredelemnul.
 32516 | Swamp:4  | Got a decaying rune of Zot
 32730 | Snake:4  | Entered Level 4 of the Snake Pit
 32945 | Snake:4  | Found Oteasial's Self-Improvement Boutique.
 32962 | Snake:4  | Bought a manual of Armour for 1040 gold pieces
 33120 | Snake:4  | Reached skill level 10 in Armour
 33513 | Snake:4  | Reached XP level 18. HP: 135/146 MP: 18/18
 34420 | Snake:4  | Got a serpentine rune of Zot
 34991 | Vaults:1 | Entered Level 1 of the Vaults
 36160 | Vaults:1 | Identified a scroll of acquirement
 36161 | Vaults:1 | Acquired 1077 gold pieces
 36441 | Snake:4  | Bought a manual of Fighting for 1040 gold pieces
 36887 | Vaults:2 | Reached skill level 15 in Fighting
 36963 | Vaults:2 | Found a flickering gateway to a bazaar.
 36970 | Bazaar   | Entered a bazaar
 37145 | Bazaar   | Found Unelac's Assorted Antiques.
 37150 | Bazaar   | Bought a scroll of blinking for 120 gold pieces
 37156 | Bazaar   | Found Kukleahy's Magic Scroll Emporium.
 37161 | Bazaar   | Bought a scroll of blinking for 112 gold pieces
 37167 | Bazaar   | Found Pog Ewash's Assorted Antiques.
 37199 | Bazaar   | Found Suiteisk's Book Shoppe.
 37221 | Bazaar   | Found Seocw's Assorted Antiques.
 37226 | Bazaar   | Bought a potion of heal wounds for 135 gold pieces
 37365 | Vaults:2 | HP: 3/151 [vault warden/+0 long sword (13)]
 37370 | Vaults:2 | Killed from afar by an ironbound thunderhulk

Illustrated notes

Levels and vault maps discovered:
D:1:      minmay_arrival_up_and_down, layout_loops_ring, serial_shops,
          nicolae_shop_crystal
D:2:      layout_basic, kennysheep_decorative_pillar, uniq_natasha,
          uniq_terence, uniq_sigmund
D:3:      layout_loops_ring, worldfamousw_hep_ancestral_shrine,
          biasface_ghost_orc_armoury, chequers_arboretum, nicolae_titane
D:4:      layout_rooms, nicolae_gozag_seed_capital,
          grunt_dithmenos_smoke_and_mirrors, tso_oasis_becter,
          solitary_fountain, minmay_fountain_box
D:5:      layout_rooms, minmay_temple_entry_stoned_glass,
          serial_co_window_serial, co_window_paths_a, co_window_paths_a,
          co_window_corner_a, co_window_of_opportunity_a, co_window_paths_a,
          co_window_of_opportunity_c, co_window_paths_c,
          co_window_unsneaky_path_c, co_window_paths_c, co_window_paths_c,
          co_window_unsneaky_path_d, co_window_unsneaky_path_b,
          co_window_4corner_a, glass_columns_c, glass_columns_b,
          glass_columns_b, glass_columns_c, serial_shops, kennysheep_mini_moat
D:6:      layout_basic, kennysheep_little_box,
          mainiacjoe_overflow_concentric_impassable, uniq_edmund
D:7:      layout_loops_corners, uniq_prince_ribbit1, uniq_pikel, uniq_maggie
D:8:      layout_basic, mainiacjoe_overflow_six_doors_small, fedhas_altar_3,
          enter_ossuary_3, uniq_joseph
D:9:      layout_roguey, david_lair_shrubbed, ebering_ghost_rock_garden,
          serial_undead, serial_undead_e, serial_undead_b, serial_undead_f,
          serial_undead_b
D:10:     layout_roguey, serial_shops, nicolae_shop_crystal
D:11:     layout_loops_corners, uniq_lodul
D:12:     gammafunk_boulding_lane, layout_basic, orc_david_3, serial_shops,
          nicolae_shop_window_shopping, minmay_misc_feat_rows,
          grunt_decor_resistance, drop_trap
D:13:     layout_long_grid, kennysheep_small_square, uniq_snorg, uniq_erolcha,
          uniq_nessos
D:14:     layout_loops_cross, hangedman_vaults_entry_quadrant_bands,
          roderic_lattice_a, serial_shops, nicolae_inconvenience_store,
          uniq_josephine
D:15:     gammafunk_depths_entry_grave, layout_loops_ring, gammafunk_ghost_icy,
          minivault_23, minmay_statue_bubble, uniq_louise
Temple:   eino_temple_water
Lair:1:   layout_gridlike, gammafunk_ghost_berserking_beasts,
          lemuel_another_geyser, serial_bayou_shore_b
Lair:2:   dreamdust_cave_troll, layout_cave_shapes,
          minmay_snake_entry_guardpost_small, infiniplex_staircase_pool,
          grunt_megastairs_4
Lair:3:   layout_chaotic_city, nicolae_swamp_entry_splash_gauntlet,
          nicolae_volcano_entry_lava_flow
Lair:4:   layout_gridlike, gauntlet_entry_generic, serial_bayou_shore_b
Lair:5:   gammafunk_lair_ancient_temple, layout_small_grid, slime_entry_1,
          infiniplex_staircase_pool_2
Swamp:1:  layout_basic_swamp, serial_swamp_ruin, evilmike_swamp_ruin_house_3,
          evilmike_swamp_ruin_house_5, swamp_pool3, grunt_witch_cave
Swamp:2:  layout_basic_swamp, evilmike_swamp_ruin_house_4
Swamp:3:  layout_basic_swamp, nicolae_swamp_well_well_well
Swamp:4:  byrel_swamp_growth_death_and_undeath, layout_basic_swamp
Snake:1:  layout_onion, nicolae_snake_storage_room, minmay_shop_grove
Snake:2:  layout_gridlike
Snake:3:  layout_layer_cave, serial_bayou_pond_a
Snake:4:  hellmonk_snake_rune_quicksilver_temple, layout_misc_corridors,
          nicolae_snake_gridmaze_tees, nicolae_shop_self_help,
          grunt_megastairs_2
Orc:1:    layout_caves, uniq_urug, uniq_maurice
Orc:2:    grunt_orc_cross, layout_caves, portal_ice_cave_entry_pillars_2
Vaults:1: hangedman_vaults_capsules, nicolae_vaults_heart-shaped_vault,
          hangedman_vaults_snaps, nicolae_vaults_frosty_reception,
          ontoclasm_vaults_ring_small, v_misc_8,
          nicolae_vaults_trapezoid_lopsided_1, nicolae_vaults_trapezoid_2,
          vaults_room_pools, vaults_room_pools, layout_vaults_omnigrid
Vaults:2: v_misc_9, ontoclasm_vaults_claustrophobia,
          nicolae_vaults_little_squares_5, nicolae_vaults_three_branches,
          vaults_mumra_hexcomb, ontoclasm_vaults_spin,
          nicolae_vaults_tetromino_L_1, nicolae_vaults_more_shelving_1,
          vaults_standard_mumra_enter_the_diamond, layout_vaults_chaotic_city,
          dummy_crypt_entry, serial_hangedman_research,
          hangedman_research_geology, serial_shops, bzr_entry_safe

Skill      XL: |  1  2  3  4  5  6  7  8  9 10 11 12 13 14 15 16 17 18 |
---------------+-------------------------------------------------------+-----
Long Blades    | 3 5 6 7 9 10 11 | 11.2
Fighting       | 4 7 10 12 14 16 | 16.1
Shields        | 4 6 9 12 | 12.0
Armour         | 4 5 8 10 14 | 14.0
Short Blades   | 2 7 8 9 11 | 11.8
Evocations     | 1 3 5 7 |  7.0
Dodging        | 2 5 7 10 11 16 | 16.0
Stealth        | 10 11 15 | 15.0

Action                     |  1- 3 |  4- 6 |  7- 9 | 10-12 | 13-15 | 16-18 || total
---------------------------+-------+-------+-------+-------+-------+-------++-------
  Melee: Long sword        |    92 |   131 |       |       |       |       ||   223
         Bite              |     6 |    11 |    28 |   112 |   172 |   324 ||   653
         Rapier            |       |    14 |   227 |   614 |   952 |  1915 ||  3722
  Throw: Throwing net      |       |       |       |     2 |       |       ||     2
 Invoke: Serpent's Lash    |       |       |       |       |     1 |     8 ||     9
Ability: Lunge             |       |       |    22 |    27 |    67 |   130 ||   246
         Whirlwind         |       |       |     1 |    46 |   108 |   550 ||   705
         Wall Jump         |       |       |       |     1 |       |     2 ||     3
  Evoke: Wand              |       |       |       |    10 |     1 |     1 ||    12
         Tin of tremorston |       |       |       |       |     2 |       ||     2
         Phantom mirror    |       |       |       |       |     1 |       ||     1
    Use: Potion            |     1 |       |       |     2 |    10 |    13 ||    26
         Scroll            |       |       |     5 |    10 |    14 |     6 ||    35
   Stab: Distracted        |       |       |     3 |    10 |    21 |    45 ||    79
         Held in net/web   |       |       |       |     2 |       |       ||     2
         Sleeping          |       |       |       |     3 |     8 |    24 ||    35
 Armour: Scale mail        |    47 |       |       |       |       |       ||    47
         Chain mail        |     7 |    92 |    41 |       |   259 |   489 ||   888
         Swamp dragon scal |       |       |    42 |   231 |     6 |       ||   279
  Dodge: Dodged            |    46 |    68 |    58 |   239 |   186 |   583 ||  1180
  Block: Buckler           |    19 |    29 |    35 |    92 |    96 |    48 ||   319
         Kite shield       |       |       |       |       |       |   423 ||   423
